 Dungeon Crawl Stone Soup version 0.25-a0-700-g7f8a7979f0 (webtiles) character file.

Game seed: 16307610503886949623, levelgen mode: deterministic

367 kae the Ruffian (level 6, 0/70 HPs)
             Began as a Draconian Transmuter on Apr 2, 2020.
             Succumbed to a worker ant's poison
             ... on level 5 of the Dungeon.
             The game lasted 00:03:05 (4279 turns).

kae the Ruffian (Draconian Transmuter)              Turns: 4279, Time: 00:03:06

Health: 0/70       AC: 23    Str: 13    XL:     6   Next: 41%
Magic:  7/11       EV:  2    Int: 15    God:
Gold:   226        SH:  0    Dex: 11    Spells: 6/12 levels left

rFire    . . .     SeeInvis .     - Unarmed
rCold    . . .     Gourm    .   (no shield)
rNeg     + + +     Faith    .   (armour unavailable)
rPois    +         Spirit   .   (helmet currently unavailable)
rElec    .         Reflect  .   (cloak currently unavailable)
rCorr    .         Harm     .   (gloves currently unavailable)
MR       .....     NoTele   +   (boots currently unavailable)
Stlth    +.........             (no amulet)
HPRegen  0.21/turn              n - ring of flight
MPRegen  0.12/turn              (no ring)

@: lethally poisoned (0 -> -14), tree-form
A: unfitting armour, AC +6
a: no special abilities


You were on level 5 of the Dungeon.
You were hungry.
You were a tree.
You visited 1 branch of the dungeon, and saw 5 of its levels.

You collected 226 gold pieces.

Inventory:

Missiles
 a - 70 arrows
Armour
 o - a +0 cloak (melded)
Jewellery
 i - an uncursed ring of ice
 n - a ring of flight (left branch)
Wands
 e - a wand of polymorph (3)
 m - a wand of iceblast (9)
Scrolls
 b - a scroll of identify
 q - a scroll of fog
Potions
 d - a potion of berserk rage
 g - 2 potions of haste
 h - a potion of resistance
 j - 2 potions of might
 l - a potion of mutation
 p - 2 potions of flight
Comestibles
 c - 7 rations
 f - 3 chunks of flesh


   Skills:
 - Level 1.1 Fighting
 - Level 1.7 Dodging
 * Level 5.5 Unarmed Combat
 + Level 3.5 Spellcasting
 + Level 3.7 Transmutations


You had 6 spell levels left.
You knew the following spells:

 Your Spells              Type           Power        Failure   Level  Hunger
a - Beastly Appendage     Tmut           ##....       4%          1    None
b - Sticks to Snakes      Tmut           ##......     6%          2    ##.....
c - Spider Form           Tmut/Pois      #.........   26%         3    ###....

Your spell library contained the following spells:

 Spells                   Type           Power        Failure   Level  Hunger
 Summon Small Mammal      Summ           #...         19%         1    None
 Call Imp                 Summ           #.......     28%         2    ##.....
 Call Canine Familiar     Summ           #.......     50%         3    ###....
 Summon Guardian Golem    Hex/Summ       #.......     50%         3    ###....
 Ice Form                 Ice/Tmut       #.......     65%         4    ####...
 Blade Hands              Tmut           ##........   75%         5    ######.
 Summon Ice Beast         Ice/Summ       #.......     88%         4    ####...
 Summon Lightning Spire   Summ/Air       #.......     88%         4    ####...


Dungeon Overview and Level Annotations

Branches:
Dungeon (5/15)
 Temple: D:4-7

Altars:
Kikubaaqudgha
Xom


Innate Abilities, Weirdness & Mutations

((Your plain brown scales are hard. (AC +6)))
You cannot fit into any form of body armour.
((You are cold-blooded and may be slowed by cold attacks.))


Message History

The worker ant bites you but does no damage.
The orc hits you but does no damage.
You hit the worker ant.
The worker ant is moderately wounded.
* * * LOW HITPOINT WARNING * * *
You feel sick.
The worker ant bites you but does no damage.
The orc hits you but does no damage.
You hit the worker ant but do no damage.
The worker ant is moderately wounded.
* * * LOW HITPOINT WARNING * * *
You feel sick.
The quokka twitches its whiskers.
The worker ant bites you.
* * * LOW HITPOINT WARNING * * *
You are more poisoned.
The worker ant poisons you! The orc hits you but does no damage.
You smack the worker ant!
You kill the worker ant!
You die...

#.# #.##.# .# #.##.# ..
#.##.# #. #.##.# #. #
#.##.# #. #.# #.##.#####.
#...#########.##.......
#.rso♣......).........
......###.......##..###..
#.##. #.########..###..
..oo........# #..##)..
###.####.###.# #....).#
#.# #...#)## ... #......#
#.# #..<.... #.# ##..###.


You could see an orc, a quokka and a giant cockroach.

Vanquished Creatures
  An orc priest (D:5)
  A bullfrog skeleton (D:4)
  2 orc wizards
  Ijyb (D:4)
  2 worker ants
  2 hound skeletons
  3 gnolls (D:2)
  2 adders
  An ooze (D:2)
  An adder skeleton (D:4)
  3 worms (D:3)
  4 dart slugs
  2 leopard geckos
  6 orcs
  A ball python (D:2)
  4 bats
  2 giant cockroaches
  6 goblins
  8 hobgoblins
  3 jackals (D:1)
  3 frilled lizards
  5 kobolds
  9 rats
72 creatures vanquished.

Vanquished Creatures (collateral kills)
  A gnoll (D:2)
  An orc (D:3)
  A bat (D:3)
3 creatures vanquished.

Vanquished Creatures (others)
  A scorpion (D:4)
  A hound (D:4)
  An iguana (D:4)
  A worker ant (D:4)
  A gnoll (D:4)
  An adder (D:4)
  A worm (D:4)
  An orc (D:4)
  4 jackals (D:4)
12 creatures vanquished.

Grand Total: 87 creatures vanquished

Notes
Turn   | Place    | Note
-------+----------+-------------------------------------------
     0 | D:1      | kae the Draconian Transmuter began the quest for the Orb.
     0 | D:1      | Reached XP level 1. HP: 16/16 MP: 3/3
    62 | D:1      | Reached XP level 2. HP: 18/23 MP: 3/5
  1140 | D:2      | Reached XP level 3. HP: 28/28 MP: 4/6
  1154 | D:2      | Learned a level 2 spell: Sticks to Snakes
  1158 | D:2      | Learned a level 3 spell: Spider Form
  1259 | D:2      | Reached skill level 4 in Unarmed Combat
  1658 | D:2      | Reached XP level 4. HP: 28/35 MP: 3/7
  2428 | D:3      | Reached XP level 5. HP: 6/40 MP: 2/9
  3009 | D:3      | Found an ancient bone altar of Kikubaaqudgha.
  3009 | D:3      | Noticed a human
  3470 | D:4      | Reached skill level 5 in Unarmed Combat
  3623 | D:4      | Noticed Ijyb
  3637 | D:4      | Killed Ijyb
  3637 | D:4      | Reached XP level 6. HP: 43/47 MP: 7/11
  3873 | D:4      | Found a shimmering altar of Xom.
  4211 | D:5      | Entered Level 5 of the Dungeon
  4278 | D:5      | HP: 1/70 [worker ant (4)]
  4279 | D:5      | Succumbed to a worker ant's poison

Levels and vault maps discovered:
D:1:      wheals_arrival_linesprint, layout_basic
D:2:      layout_basic
D:3:      layout_rooms, first_ration, tgw_kikubaaqudgha
D:4:      layout_loops_cross, xom_confusion_cloud, uniq_ijyb
D:5:      layout_loops_ring, temple_hall, gup_sewer_entry_spiral

Skill      XL: |  1  2  3  4  5 |
---------------+----------------+-----
Unarmed Combat | 4 5 |  5.5
Transmutations | 3 |  3.7
Spellcasting   | 3 |  3.5
Fighting       | |  1.1
Dodging        | |  1.7

Action                   |  1- 3 |  4- 6 || total
-------------------------+-------+-------++-------
Melee: Unarmed           |   107 |   182 ||   289
       Kick              |     9 |     1 ||    10
       Headbutt          |     6 |       ||     6
       Tailslap          |    10 |    11 ||    21
       Punch             |     1 |     1 ||     2
 Cast: Beastly Appendage |    16 |     5 ||    21
       Spider Form       |     1 |     7 ||     8
       Sticks to Snakes  |     1 |     6 ||     7
  Use: Scroll            |     2 |    13 ||    15
       Potion            |       |     1 ||     1
  Eat: Chunk             |     2 |    10 ||    12
Armor: Skin              |    33 |    44 ||    77
Dodge: Dodged            |    68 |   101 ||   169

Table legend:
 A = Non-vault XP
 B = Vault XP
 C = Vault XP percentage of total XP
 D = Non-vault monster count
 E = Vault monster count
 F = Vault count percentage of total count
                 A         B        C        D         E       F
            +---------+---------+-------+---------+---------+-------
      Total |     489 |      36 |   6.9 |      74 |       1 |   1.3
            +---------+---------+-------+---------+---------+-------
        D:1 |      26 |       0 |   0.0 |      18 |       0 |   0.0
        D:2 |     123 |       0 |   0.0 |      22 |       0 |   0.0
        D:3 |      92 |       0 |   0.0 |      21 |       0 |   0.0
        D:4 |     119 |      36 |  23.2 |       7 |       1 |  12.5
        D:5 |     129 |       0 |   0.0 |       6 |       0 |   0.0
            +---------+---------+-------+---------+---------+-------
